 Dungeon Crawl Stone Soup version 0.30.0-5-g1a98f26d00 (webtiles) character file.

Game seed: 3791869997412376950

11 hawla the Firebug (level 2, -4/22 HPs)
             Began as a Meteoran Fire Elementalist on May 11, 2023.
             Slain by Pargi (8 damage)
             ... on level 3 of the Dungeon.
             The game lasted 00:01:48 (210 turns).

hawla the Firebug (Meteoran Fire Elementalist)       Turns: 210, Time: 00:01:49

Health: -4/22      AC:  2    Str:  9    XL:     2   Next: 52%
Magic:  0/6        EV: 12    Int: 16    God:
Gold:   18         SH:  0    Dex: 14    Spells: 3/6 levels left

rFire   . . .        (no weapon)
rCold   . . .        (no shield)
rNeg    . . .        a - +0 robe
rPois   .            (no helmet)
rElec   .            (no cloak)
rCorr   .            (no gloves)
SInv    .            (no boots)
Will    .....        (no amulet)
Stlth   +            (no ring)
HPRegen 0.23/turn    (no ring)
MPRegen 0.10/turn

%: no passive effects
@: glowing
A: sense surroundings 1, otherworldly, glowing, explore regen
a: no special abilities


You were on level 3 of the Dungeon.
You visited 1 branch of the dungeon, and saw 3 of its levels.

You collected 18 gold pieces.

Inventory:

Armour
 a - a +0 robe (worn)
Scrolls
 c - 2 scrolls of teleportation {unknown}


   Skills:
 + Level 0.4 Fighting
 + Level 2.4 Dodging
 - Level 1.4 Stealth
 + Level 2.9 Spellcasting
 + Level 1.2 Conjurations
 + Level 4.2 Fire Magic


You had 3 spell levels left.
You knew the following spells:

 Your Spells              Type           Power      Damage    Failure   Level
a - Foxfire               Conj/Fire      44%        2x1d6     6%          1
b - Scorch                Fire           30%        2d6       4%          2

Your spell library contained the following spells:

 Spells                   Type           Power      Damage    Failure   Level
 Inner Flame              Hex/Fire       9%         N/A       24%         3
 Volatile Blastmotes      Fire/Tloc      18%        2d11      24%         3
 Flame Wave               Conj/Fire      11%        2d6       52%         4
 Passage of Golubria      Tloc           2%         N/A       88%         4
 Silence                  Hex/Air        1%         N/A       99%         5
 Lehudib's Crystal Spear  Conj/Erth      2%         10d2      100%        8


Dungeon Overview and Level Annotations

Branches:
Dungeon (3/15) Zot: 1589

Altars:

Annotations:
D:3 3 runed translucent doors, Pargi; kmckee's ghost, amateur HOFi


Innate Abilities, Weirdness & Mutations

You passively map a small area around you.
You are easily found by Zot.
You glow in the dark.
You regain HP and MP as you explore.


Message History

Confirm with . or Enter, or press ? or * to list all spells.
Okay, then.
Magic courses through your body. Pargi bites you. Pargi claws you.
Pargi barely misses you.
Casting: Scorch (safe; 4% risk of failure)
Confirm with . or Enter, or press ? or * to list all spells.
Flames lash Pargi.
Pargi is burned terribly!
Pargi is heavily wounded.
Pargi bites you. Pargi claws you. Pargi barely misses you.
Casting: Scorch (safe; 4% risk of failure)
Confirm with . or Enter, or press ? or * to list all spells.
You conjure some foxfire!
Pargi bites you but does no damage. Pargi closely misses you.
Pargi claws you but does no damage.
Casting: Foxfire (safe; 6% risk of failure)
Confirm with . or Enter, or press ? or * to list all spells.
Flames lash Pargi.
Pargi is burned terribly!
Pargi is heavily wounded.
The foxfire hits Pargi!
Pargi is burned terribly!
Pargi is severely wounded.
The foxfire hits Pargi!
Pargi is burned terribly!
Pargi is almost dead.
Pargi bites you.
* * * LOW HITPOINT WARNING * * *
Pargi misses you. Pargi closely misses you.
Casting: Scorch (safe; 4% risk of failure)
Confirm with . or Enter, or press ? or * to list all spells.
You conjure some foxfire!
Pargi barely misses you. Pargi misses you. Pargi claws you.
* * * LOW HITPOINT WARNING * * *
Casting: Foxfire (safe; 6% risk of failure)
Confirm with . or Enter, or press ? or * to list all spells.
You don't have enough magic to cast this spell.
The foxfire hits Pargi.
Pargi is almost dead.
The foxfire hits Pargi.
Pargi is almost dead.
Casting: Foxfire (safe; 6% risk of failure)
Confirm with . or Enter, or press ? or * to list all spells.
You conjure some foxfire!
Pargi bites you!
You die...

* ######### * *
#...(.(.# ,, ,
#([.....# * , *
#....(..# , , *
~ #..(....#* *
#8W...(.#*
*###+++### , ,
#v@T....# ,* ~*
#.§v...$#* *
*####..#.......
, ##<#....... *
, , ,
#.#......? *
#.#.......
#§#......., ,
..#....... ,
###.......


You could see Pargi (combustible, ally target) and kmckee's ghost.

Vanquished Creatures
  3 hobgoblins
  3 jackals (D:1)
  A ball python (D:2)
  A bat (D:3)
  A goblin (D:1)
  A rat (D:1)
10 creatures vanquished.

Vanquished Creatures (others)
  29 foxfires
29 creatures vanquished.

Grand Total: 39 creatures vanquished

Notes
Turn   | Place    | Note
-------+----------+-------------------------------------------
     0 | D:1      | hawla the Meteoran Fire Elementalist began the quest for
                  | the Orb.
     0 | D:1      | Reached XP level 1. HP: 14/14 MP: 5/5
    71 | D:1      | Reached XP level 2. HP: 19/22 MP: 2/6
    74 | D:1      | Learned a level 2 spell: Scorch
   165 | D:1      | Reached skill level 4 in Fire Magic
   190 | D:3      | Found a runed translucent gate.
   190 | D:3      | Found a runed translucent gate.
   190 | D:3      | Found a runed translucent gate.
   191 | D:3      | Noticed kmckee's ghost (amateur HOFi)
   194 | D:3      | Noticed Pargi
   210 | D:3      | Slain by Pargi

Illustrated notes

Levels and vault maps discovered:
D:1:      matt_arrival_grand_opening, layout_loops_corners, minmay_unequal
D:2:      layout_basic, ebering_ecumenical_altar_ruins,
          amcnicky_mini_pool_small, st_stairs_10
D:3:      layout_loops_ring, makhleb_altar_promises_db,
          ebering_ghost_rock_garden, lightli_sewer_entry_pipes, uniq_sigmund,
          uniq_pargi, uniq_crazy_yiuf_cottage

Skill      XL: |  1  2 |
---------------+-------+-----
Fire Magic     | 4 |  4.2
Fighting       | |  0.4
Dodging        | |  2.4
Stealth        | |  1.4
Spellcasting   | |  2.9
Conjurations   | |  1.2

Action                     || total
---------------------------++-------
  Melee: Unarmed           ||     8
   Cast: Foxfire           ||    18
         Scorch            ||     3
    Use: Potion            ||     1
 Armour: Robe              ||     5
  Dodge: Dodged            ||    15
